 Dungeon Crawl Stone Soup version 0.26.1-11-gd32895ea62 (webtiles) character file.

Game seed: 1648903284909482177

3235 Elleran the Cleaver (level 9, -16/79 HPs)
             Began as a Minotaur Fighter on May 3, 2021.
             Was a Follower of Okawaru.
             Demolished by a komodo dragon (22 damage)
             ... on level 7 of the Dungeon.
             The game lasted 00:18:45 (7648 turns).

Elleran the Cleaver (Minotaur Fighter)              Turns: 7648, Time: 00:18:46

Health: -16/79     AC: 15    Str: 24    XL:     9   Next: 66%
Magic:  9/9        EV:  5    Int:  5    God:    Okawaru [*.....]
Gold:   429        SH: 12    Dex: 10    Spells: 8/8 levels left

rFire    . . .     SeeInvis .   a - +3 war axe
rCold    . . .     Faith    .   c - +1 kite shield
rNeg     . . .     Spirit   .   H - +0 plate armour
rPois    .         Reflect  .   (helmet restricted)
rElec    .         Harm     .   s - +0 cloak
rCorr    .         Rampage  .   D - +0 pair of gloves
Will     .....                  (no boots)
Stlth    ..........             (no amulet)
HPRegen  0.23/turn              (no ring)
MPRegen  0.11/turn              (no ring)

@: mighty, lethally poisoned (-16 -> -27)
A: retaliatory headbutt, horns 2
a: Renounce Religion, Heroism


You were on level 7 of the Dungeon.
You worshipped Okawaru.
Okawaru was aware of your devotion.
You visited 2 branches of the dungeon, and saw 9 of its levels.

You collected 429 gold pieces.

Inventory:

Hand Weapons
 a - a +3 war axe (weapon)
 b - a +2 dagger of venom
 n - a +0 spear
Missiles
 p - 8 poisoned darts (quivered)
 q - a throwing net
 u - a curare-tipped dart
 v - 2 boomerangs of dispersal
 F - 4 boomerangs
Armour
 c - a +1 kite shield (worn)
 k - a +0 scale mail
 s - a +0 cloak (worn)
 D - a +0 pair of gloves (worn)
 H - a +0 plate armour (worn)
Jewellery
 i - a +6 ring of intelligence
 A - a cursed amulet of magic regeneration
Wands
 t - a wand of paralysis (7)
 G - a wand of digging (4)
 I - a wand of enslavement (6)
Scrolls
 e - a scroll of enchant armour
 f - 5 scrolls of teleportation
 g - 3 scrolls of remove curse
 j - a scroll of immolation {unknown}
 l - 3 scrolls of identify
 o - 2 scrolls of enchant weapon
 w - a scroll of fear
 y - 2 scrolls of blinking {unknown}
 C - a scroll of noise {unknown}
 E - a scroll of magic mapping {unknown}
Potions
 h - 2 potions of curing
 m - a potion of magic
 r - a potion of invisibility
 x - 2 potions of berserk rage {unknown}
 z - 2 potions of haste {unknown}
 B - 2 potions of mutation {unknown}
 J - 2 potions of attraction {unknown}


   Skills:
 * Level 7.0 Fighting
 * Level 9.9 Axes
 * Level 6.9 Armour
 * Level 6.9 Shields
 + Level 1.9 Invocations
 + Level 5.9 Evocations


You had 8 spell levels left.
You didn't know any spells.
Your spell library contained the following spells:

 Spells                   Type           Power        Failure   Level
 Magic Dart               Conj           0%           100%        1
 Blink                    Tloc           N/A          100%        2
 Call Imp                 Summ           0%           100%        2
 Slow                     Hex            0%           100%        2
 Conjure Flame            Conj/Fire      0%           100%        3
 Mephitic Cloud           Conj/Pois/Air  0%           100%        3


Dungeon Overview and Level Annotations

Branches:
Dungeon (8/15)             Temple (1/1) D:4
   Lair: D:8-11

Altars:
Ashenzari
Cheibriados
Dithmenos
Elyvilon
Gozag
Hepliaklqana
Kikubaaqudgha
Nemelex Xobeh
Okawaru
Qazlal
Ru
Sif Muna
Trog
Uskayaw
Vehumet
Wu Jian
Xom
Yredelemnul
Zin
The Shining One

Shops:
D:6 (


Innate Abilities, Weirdness & Mutations

You reflexively headbutt those who attack you in melee.
You have a pair of horns on your head.


Message History

Okawaru accepts your kill.
You hit the komodo dragon.
You feel sick.
The komodo dragon bites you but does no damage.
Your Fighting skill increases to level 7!
Cleave: a) +3 war axe
Press: ? - help, Dir - move target, f - komodo dragon
Aim: a komodo dragon (moderately wounded)
You slash the komodo dragon! Your headbutt misses the komodo dragon.
The komodo dragon is heavily wounded.
You feel sick. The komodo dragon bites you!!
* * * LOW HITPOINT WARNING * * *
You barely miss the komodo dragon. Your headbutt misses the komodo dragon.
The komodo dragon is heavily wounded.
You feel sick. The komodo dragon bites you!
* * * LOW HITPOINT WARNING * * *
You slash the komodo dragon!
The komodo dragon is almost dead.
* * * LOW HITPOINT WARNING * * *
You feel sick. The komodo dragon bites you!!
You die...

#.# #.#####.###. #.# #.......#
#. ##################.#
#######.###.
...................# #....[
####..###########..# ###<##
#..#####........# #.#
#........#####.## #.#
##.####...####.# #.# #.#
#.......@)# #.# #.# ##...####l#
#.# #####.#####.##
#.############.# ............#
#...).รท........#
#####.###########.##############
#.............# ###############


You could see a komodo dragon.

Vanquished Creatures
  Grinder (D:3)
  Grum (D:7)
  3 orc warriors
  An ice beast (D:5)
  2 sky beasts (D:5)
  2 phantoms (D:5)
  2 ogres
  A black bear (D:6)
  2 wolves
  A centaur (D:6)
  5 bullfrogs
  2 scorpions
  5 wights (D:6)
  3 howler monkeys (D:7)
  12 orc wizards
  A jelly (D:8)
  3 orc priests
  A centaur skeleton (D:5)
  4 iguanas
  A bullfrog skeleton (D:5)
  3 worker ants
  A hound zombie (D:6)
  A worker ant zombie (D:6)
  10 adders
  2 shadow imps (D:5)
  A white imp (D:8)
  2 adder skeletons (D:4)
  3 worms
  4 leopard geckos
  24 orcs
  4 giant cockroaches
  6 goblins
  10 hobgoblins
  6 jackals
  4 quokkas
  A ball python (D:7)
  13 bats
  7 frilled lizards
  9 kobolds
  2 rats
166 creatures vanquished.

Vanquished Creatures (others)
  A human (D:6)
  27 plants (D:8)
28 creatures vanquished.

Grand Total: 194 creatures vanquished

Notes
Turn   | Place    | Note
-------+----------+-------------------------------------------
     0 | D:1      | Elleran the Minotaur Fighter began the quest for the Orb.
     0 | D:1      | Reached XP level 1. HP: 19/19 MP: 0/0
    88 | D:1      | Reached skill level 3 in Axes
   145 | D:1      | Reached XP level 2. HP: 22/26 MP: 1/1
   909 | D:1      | Reached skill level 4 in Axes
  1133 | D:2      | Reached XP level 3. HP: 21/31 MP: 2/2
  1572 | D:2      | Reached skill level 5 in Axes
  1775 | D:2      | Reached XP level 4. HP: 39/39 MP: 3/3
  2856 | D:3      | Reached skill level 6 in Axes
  2905 | D:3      | Noticed Grinder
  2921 | D:3      | Killed Grinder
  2922 | D:3      | Reached skill level 7 in Axes
  2922 | D:3      | Reached XP level 5. HP: 44/45 MP: 4/4
  2922 | D:3      | Reached XP level 6. HP: 50/51 MP: 5/5
  3346 | D:4      | Found a staircase to the Ecumenical Temple.
  3365 | Temple   | Entered the Ecumenical Temple
  3793 | D:5      | Entered Level 5 of the Dungeon
  3910 | D:5      | Reached skill level 8 in Axes
  3940 | D:5      | Reached XP level 7. HP: 57/57 MP: 6/6
  4148 | D:5      | Reached skill level 5 in Evocations
  4190 | D:5      | Found a hide-covered altar of Uskayaw.
  4192 | D:5      | Found a shadowy altar of Dithmenos.
  4245 | D:5      | Found an ancient bone altar of Kikubaaqudgha.
  4393 | D:5      | Reached XP level 8. HP: 47/67 MP: 7/7
  4988 | D:6      | Reached skill level 5 in Fighting
  4990 | D:6      | Reached skill level 5 in Armour
  4990 | D:6      | Reached skill level 5 in Shields
  5337 | D:6      | Reached skill level 9 in Axes
  5666 | D:6      | Found a faded altar of an unknown god.
  5666 | D:6      | Found a hazy altar of Hepliaklqana.
  5672 | D:6      | Found a shimmering blue altar of Sif Muna.
  5674 | D:6      | Found an iron altar of Okawaru.
  5676 | D:6      | Found a stormy altar of Qazlal.
  5681 | D:6      | Became a worshipper of Warmaster Okawaru
  5800 | D:6      | Found Vosedd's Weapon Emporium.
  5833 | D:6      | Found an ancient bone altar of Kikubaaqudgha.
  5839 | D:6      | Reached XP level 9. HP: 69/75 MP: 8/8
  6115 | D:7      | You fall into a shaft and drop 1 floor!
  6306 | D:8      | Reached skill level 1 in Invocations
  6723 | D:7      | Reached * piety under Okawaru
  6765 | D:7      | Found an ornate altar of the Wu Jian Council.
  7515 | D:8      | Noticed Grum
  7518 | D:8      | Noticed a komodo dragon
  7645 | D:7      | Killed Grum
  7648 | D:7      | Demolished by a komodo dragon

Illustrated notes

Levels and vault maps discovered:
D:1:      lightli_arrival_quake, layout_loops_ring, minmay_close_crescents
D:2:      layout_basic, kennysheep_generic_room_10
D:3:      layout_basic, uniq_grinder
D:4:      layout_rooms, minmay_temple_entry_ruins, serial_corexii_hall,
          corexii_hall_statues_x, corexii_hall_statues_s
D:5:      layout_rooms, nicolae_overflow_hidden_temple, basic_altar,
          minmay_misc_feat_roman, grunt_ministairs_1, serial_park_tiny_1,
          kennysheep_nondescript, hangedman_abyss_or_decor_stagger,
          chequers_serial_rivers_room_b
D:6:      layout_rooms, chequers_temple_overflow_minitemple, serial_shops, shop,
          tgw_kikubaaqudgha
D:7:      layout_loops_ring, basic_altar
D:8:      layout_basic, david_lair_shrubbed, basic_altar,
          nicolae_qazlal_eye_of_the_storm, uniq_grum, uniq_prince_ribbit1
Temple:   zaba_magenta_temple

Skill      XL: |  1  2  3  4  5  6  7  8  9 |
---------------+----------------------------+-----
Axes           | 3 4 5 7 8 9 |  9.9
Evocations     | 2 3 5 |  5.9
Fighting       | 4 5 7 |  7.0
Armour         | 4 5 6 |  6.9
Shields        | 4 5 6 |  6.9
Invocations    | 1 |  1.9

Action                   |  1- 3 |  4- 6 |  7- 9 || total
-------------------------+-------+-------+-------++-------
Melee: War axe           |    45 |    49 |   299 ||   393
       Headbutt          |    11 |     9 |    56 ||    76
       Dagger            |    55 |    38 |       ||    93
Throw: Dart              |     6 |    15 |    26 ||    47
Evoke: Wand              |       |     3 |       ||     3
  Use: Scroll            |       |    11 |       ||    11
       Potion            |       |       |     6 ||     6
 Stab: Paralysed         |       |     2 |       ||     2
Armor: Scale mail        |    38 |    31 |    93 ||   162
       Plate armour      |       |       |    33 ||    33
Dodge: Dodged            |    28 |    23 |    48 ||    99
Block: Kite shield       |    42 |    45 |   131 ||   218
